 Dungeon Crawl Stone Soup version 0.29-a0-284-gf9362112df (webtiles) character file.

Game seed: 8417888100643181113

3243 rabbitsville the Geomancer (level 9, -8/45 HPs)
             Began as a Gargoyle Earth Elementalist on Mar 21, 2022.
             Was an Initiate of Gozag.
             Killed from afar by a steam dragon (17 damage)
             ... with a ball of steam
             ... on level 7 of the Dungeon.
             The game lasted 00:35:23 (8875 turns).

rabbitsville the Geomancer (GrEE)                   Turns: 8875, Time: 00:35:23

Health: -8/45      AC: 12    Str: 18    XL:     9   Next: 99%
Magic:  16/20      EV: 11    Int: 20    God:    Gozag
Gold:   335        SH:  0    Dex: 10    Spells: 19/23 levels left

rFire   . . .      SeeInvis .   z - +1 flail (protect)
rCold   . . .      Faith    .   (no shield)
rNeg    + . .      Spirit   .   v - +3 leather armour
rPois   ∞          Reflect  .   (no helmet)
rElec   +          Harm     .   (no cloak)
rCorr   .          Rampage  .   (no gloves)
Will    .....                   (no boots)
Stlth   ++........              (no amulet)
HPRegen 0.15/turn               e - ring of flight
MPRegen 0.17/turn               s - +6 ring of strength

@: flying
A: sickness immunity, AC +6, negative energy resistance 1, electricity
resistance, torment resistance 1, petrification resistance
a: Renounce Religion, Potion Petition, Call Merchant, Bribe Branch


You were on level 7 of the Dungeon.
You worshipped Gozag.
Gozag was aware of your devotion.
You visited 2 branches of the dungeon, and saw 8 of its levels.

You collected 463 gold pieces.
You paid 128 gold pieces to Gozag.

Inventory:

Hand Weapons
 z - a +1 flail of protection (weapon)
Missiles
 a - 41 stones
 t - 38 poisoned darts
 C - a throwing net
Armour
 b - a +0 robe
 v - a +3 leather armour (worn)
Jewellery
 e - a ring of flight (left hand)
 s - a +6 ring of strength (right hand)
Wands
 B - a wand of iceblast (18)
Scrolls
 h - 7 scrolls of identify {unknown}
 k - a scroll of enchant weapon {unknown}
 l - 2 scrolls of immolation {unknown}
 n - 2 scrolls of amnesia {unknown}
 o - 2 scrolls of blinking {unknown}
 p - a scroll of enchant armour {unknown}
 q - a scroll of holy word {unknown}
 r - 2 scrolls of summoning {unknown}
 u - 3 scrolls of fog {unknown}
 y - a scroll of silence {unknown}
 A - a scroll of vulnerability {unknown}
 D - 5 scrolls of teleportation {unknown}
 E - a scroll of noise {unknown}
 G - a scroll of magic mapping {unknown}
Potions
 c - 2 potions of magic
 d - 2 potions of flight {unknown}
 f - 2 potions of heal wounds {unknown}
 g - 4 potions of curing
 i - a potion of resistance
 j - a potion of brilliance {unknown}
 m - a potion of haste {unknown}
 w - a potion of ambrosia {unknown}
 x - a potion of attraction {unknown}
 F - a potion of might {unknown}


   Skills:
 - Level 1.5 Dodging
 - Level 2.1 Stealth
 + Level 7.5 Spellcasting
 - Level 6.3 Conjurations
 + Level 3.4 Transmutations
 + Level 10.8 Earth Magic


You had 19 spell levels left.
You knew the following spells:

 Your Spells              Type           Power      Damage    Failure   Level
a - Sandblast             Erth           100%       2d20      1%          1
b - Stone Arrow           Conj/Erth      82%        3d12      1%          3

Your spell library contained the following spells:

 Spells                   Type           Power      Damage    Failure   Level
 Passwall                 Tmut/Erth      30%        N/A       1%          2
 Beastly Appendage        Tmut           42%        N/A       2%          1
 Wereblood                Tmut           21%        N/A       4%          2
 Petrify                  Tmut/Erth      36%        N/A       5%          4
 Spider Form              Tmut/Pois      14%        N/A       16%         3
 Chain Lightning          Conj/Air       10%        3d13      100%        9
 Fire Storm               Conj/Fire      10%        8d3       100%        9
 Shatter                  Erth           25%        3d21*     100%        9


Dungeon Overview and Level Annotations

Branches:
Dungeon (7/15)             Temple (1/1) D:7

Altars:
Ashenzari
Cheibriados
Fedhas
Gozag
Hepliaklqana
Kikubaaqudgha
Makhleb
Okawaru
Qazlal
Ru
Trog
Uskayaw
Wu Jian
Xom
The Shining One

Shops:
D:2 *

Annotations:
D:5 exclusion: downstairs


Innate Abilities, Weirdness & Mutations

You are immune to sickness and miasma.
Your stone body is resilient. (AC +6)
You are immune to poison.
You resist negative energy. (rN+)
You are resistant to electric shocks. (rElec)
You are resistant to unholy torment.
You are immune to petrification.


Message History

The steam dragon is moderately wounded.
You are engulfed in a cloud of scalding steam.
The steam dragon bites you but does no damage.
The steam dragon misses you. The steam dragon breathes steam at you.
The ball of steam hits you!!
You barely miss the steam dragon.
The steam dragon is moderately wounded.
You are engulfed in a cloud of scalding steam.
* * * LOW HITPOINT WARNING * * *
The steam dragon barely misses you. The steam dragon closely misses you.
Aiming: Sandblast (safe; 1% risk of failure)
Press: ? - help, Q - select action, (/) - cycle Shift-Dir - straight line, f - steam dragon
Aim: a steam dragon (moderately wounded, catching its breath, 84% to hit)
The blast of sand misses the steam dragon.
The steam dragon closely misses you.
The steam dragon claws you but does no damage.
Aiming: Sandblast (safe; 1% risk of failure)
Press: ? - help, Q - select action, (/) - cycle Shift-Dir - straight line, f/p - steam dragon
Aim: a steam dragon (moderately wounded, catching its breath, 84% to hit)
The blast of sand hits the steam dragon!
The steam dragon is almost dead.
The steam dragon bites you but does no damage.
The steam dragon claws you.
* * * LOW HITPOINT WARNING * * *
Aiming: Sandblast (safe; 1% risk of failure)
Press: ? - help, Q - select action, (/) - cycle Shift-Dir - straight line, f/p - steam dragon
Aim: a steam dragon (almost dead, 84% to hit)
The blast of sand misses the steam dragon.
The steam dragon bites you but does no damage.
The steam dragon barely misses you.
Aiming: Sandblast (safe; 1% risk of failure)
Press: ? - help, Q - select action, (/) - cycle Shift-Dir - straight line, f/p - steam dragon
Aim: a steam dragon (almost dead, 84% to hit)
The blast of sand hits the steam dragon.
The steam dragon is almost dead.
The steam dragon breathes steam at you. The ball of steam hits you!
You die...
Your body crumbles into a pile of gold.

#.####.#######.≈#.#########......
#..........# ≈#................
######..#### ###########..####
#..# # #..# #.)# #≈ #..#
#))###≈.### ##.## #...)#§...§####
#...# #.>#.##§§.§.#.## #.⌠.#
#).#.##§..D@...# #...#
#))#.##§≈...#..# ###.###
#..#.###≈≈)##..####.#.....#
#......#####........#.....#
##.##...# ####.#####..>..#
#.....#.## #.# #.....#
#.###....## #.# #.....## #.
#..#..# #.# ###.###. # #.>...#
#.# #...###


You could see a steam dragon (catching breath).

Vanquished Creatures
  A two-headed ogre (D:7)
  A steam dragon (D:7)
  3 water moccasins
  Duvessa (D:7)
  An orc warrior (D:6)
  3 black bears
  3 ogres
  2 phantoms
  2 kobold brigands
  A bullfrog (D:7)
  3 necrophages (D:6)
  4 scorpions
  5 wights (D:6)
  Dowan (D:7)
  2 hounds
  An orc priest (D:7)
  Terence (D:2)
  2 orc wizards (D:7)
  3 iguanas
  3 adders
  3 shadow imps
  A white imp (D:6)
  An ufetubus (D:5)
  A dart slug (D:1)
  17 orcs
  5 bats
  3 endoplasms
  4 giant cockroaches
  5 goblins
  7 hobgoblins
  15 jackals
  5 quokkas (D:1)
  3 ball pythons
  2 frilled lizards (D:3)
  21 kobolds
  4 rats
140 creatures vanquished.

Vanquished Creatures (others)
  A demonic plant (D:1)
  5 plants (D:4)
  A withered plant (D:1)
7 creatures vanquished.

Grand Total: 147 creatures vanquished

Notes
Turn   | Place    | Note
-------+----------+-------------------------------------------
     0 | D:1      | rabbitsville the Gargoyle Earth Elementalist began the
                  | quest for the Orb.
     0 | D:1      | Reached XP level 1. HP: 10/10 MP: 3/3
   147 | D:1      | Reached skill level 4 in Earth Magic
   173 | D:1      | Reached XP level 2. HP: 12/15 MP: 3/5
   771 | D:1      | Found a faded altar of an unknown god.
   800 | D:1      | Reached XP level 3. HP: 19/19 MP: 6/6
  1769 | D:2      | Found Xeuhy's General Store.
  1770 | D:2      | Noticed Terence
  1809 | D:2      | Killed Terence
  1810 | D:2      | Reached skill level 5 in Earth Magic
  1810 | D:2      | Reached XP level 4. HP: 13/24 MP: 1/8
  3109 | D:3      | Noticed a phantom
  3146 | D:3      | Killed a phantom
  3147 | D:3      | Reached skill level 6 in Earth Magic
  3147 | D:3      | Reached XP level 5. HP: 4/28 MP: 1/10
  4093 | D:4      | Noticed a black bear
  4100 | D:4      | Killed a black bear
  4101 | D:4      | Reached skill level 1 in Conjurations
  4101 | D:4      | Reached XP level 6. HP: 32/32 MP: 8/11
  4251 | D:4      | Noticed a water moccasin
  4266 | D:4      | Killed a water moccasin
  4267 | D:4      | Reached skill level 7 in Earth Magic
  4400 | D:4      | Reached XP level 7. HP: 36/36 MP: 10/13
  5029 | D:5      | Entered Level 5 of the Dungeon
  5589 | D:5      | Reached skill level 8 in Earth Magic
  5715 | D:5      | Reached XP level 8. HP: 41/41 MP: 13/15
  5807 | D:6      | Reached skill level 5 in Spellcasting
  6193 | D:6      | Found a broken altar of Ashenzari.
  6217 | D:6      | Reached skill level 5 in Conjurations
  6249 | D:6      | Reached skill level 9 in Earth Magic
  6390 | D:6      | Reached XP level 9. HP: 30/45 MP: 15/18
  6520 | D:6      | Learned a level 3 spell: Stone Arrow
  7440 | D:7      | Reached skill level 1 in Transmutations
  7856 | D:7      | Found a staircase to the Ecumenical Temple.
  7873 | Temple   | Entered the Ecumenical Temple
  8316 | Temple   | Became a worshipper of Gozag Ym Sagoz the Greedy
  8369 | D:7      | Noticed Duvessa
  8369 | D:7      | Noticed Dowan
  8373 | D:7      | Killed Duvessa
  8374 | D:7      | Killed Dowan
  8375 | D:7      | Reached skill level 10 in Earth Magic
  8525 | D:7      | Noticed a two-headed ogre
  8533 | D:7      | Killed a two-headed ogre
  8875 | D:7      | Killed from afar by a steam dragon

Illustrated notes

Levels and vault maps discovered:
D:1:      minmay_arrival_floating_metal, layout_loops_ring,
          shapermc_ecumenical_altar_gd
D:2:      layout_basic, serial_shops, shop, uniq_terence
D:3:      layout_basic, corner_web_ring
D:4:      layout_rooms, chequers_big_river
D:5:      layout_loops_cross
D:6:      cheibrodos_quashed, layout_layer_cave, evilmike_ruin_ashenzari
D:7:      cheibrodos_steamvent, layout_loops_ring,
          minmay_temple_entry_antechambers, uniq_duvessa
Temple:   minmay_temple_curvy_branch

Skill      XL: |  1  2  3  4  5  6  7  8  9 |
---------------+----------------------------+-----
Earth Magic    | 4 5 6 7 8 9 10 | 10.8
Spellcasting   | 3 4 6 7 |  7.5
Conjurations   | 1 2 4 5 6 |  6.3
Transmutations | 3 |  3.4
Dodging        | |  1.5
Stealth        | |  2.1

Action                   |  1- 3 |  4- 6 |  7- 9 || total
-------------------------+-------+-------+-------++-------
Melee: Dagger            |   106 |   192 |    19 ||   317
       Punch             |     1 |       |       ||     1
       Flail             |       |       |    52 ||    52
Throw: Stone             |     1 |       |       ||     1
       Dart              |       |     7 |    16 ||    23
 Cast: Sandblast         |    25 |    30 |    85 ||   140
       Stone Arrow       |       |       |    26 ||    26
  Use: Potion            |       |       |     1 ||     1
 Stab: Sleeping          |     3 |     4 |       ||     7
Armor: Robe              |    47 |    66 |       ||   113
       Leather armour    |       |    30 |    53 ||    83
Dodge: Dodged            |    60 |   123 |    62 ||   245

Table legend: (Time is in decaauts)
 A = Elapsed time spent in this place.
 B = Non-inter-level travel time spent in this place.
 C = Inter-level travel time spent in this place.
 D = Time resting spent in this place.
 E = Time spent auto-exploring this place.
 F = Levels seen in this place.
 G = Mean time per level.
                   A        B        C        D        E       F      G
               +--------+--------+--------+--------+--------+-----+--------+
         Total |   8910 |   8243 |    667 |   2483 |   2899 |   8 | 1113.8 |
       Dungeon |   8442 |   7799 |    643 |   2483 |   2653 |   7 | 1206.0 |
        Temple |    468 |    444 |     24 |      0 |    246 |   1 |  468.0 |
               +--------+--------+--------+--------+--------+-----+--------+

Top non-repeatable levels by time:
     D:1: 1662 daAuts
     D:6: 1616 daAuts
     D:2: 1407 daAuts
     D:7: 1044 daAuts
     D:3: 991 daAuts
     D:4: 983 daAuts
     D:5: 736 daAuts
  Temple: 468 daAuts
